 Dungeon Crawl Stone Soup version 0.29-a0-925-g0a7a3d12f8 (webtiles) character file.

Game seed: 1474388636840163744

196 testman the Shooter (level 5, -7/32 HPs)
             Began as a Deep Elf Hunter on July 28, 2022.
             Was an Initiate of Hepliaklqana.
             Shot with a bolt by an orc warrior (11 damage)
             ... on level 3 of the Dungeon.
             The game lasted 00:07:39 (3063 turns).

testman the Shooter (Deep Elf Hunter)               Turns: 3063, Time: 00:07:39

Health: -7/32      AC:  7    Str:  8    XL:     5   Next: 46%
Magic:  7/7        EV: 12    Int: 14    God:    Hepliaklqana [......]
Gold:   189        SH:  0    Dex: 20    Spells: 4/4 levels left

rFire   . . .      SeeInvis .   a - +0 shortbow
rCold   . . .      Faith    .   (shield currently unavailable)
rNeg    . . .      Spirit   .   c - +0 leather armour
rPois   .          Reflect  .   v - +2 helmet
rElec   .          Harm     .   w - +0 cloak
rCorr   .          Rampage  .   (no gloves)
Will    .....                   (no boots)
Stlth   ++........              (no amulet)
HPRegen 0.10/turn               (no ring)
MPRegen 0.10/turn               (no ring)

@: no status effects
A: no striking features
a: Renounce Religion


You were on level 3 of the Dungeon.
You worshipped Hepliaklqana.
Hepliaklqana was noncommittal.
You visited 1 branch of the dungeon, and saw 4 of its levels.

You collected 189 gold pieces.

Inventory:

Hand Weapons
 a - a +0 shortbow (weapon)
Armour
 c - a +0 leather armour (worn)
 v - a +2 helmet (worn)
 w - a +0 cloak (worn)
Jewellery
 n - a ring of see invisible
Wands
 m - a wand of charming (22)
 r - a wand of flame (14)
Scrolls
 b - a scroll of immolation
 d - 2 scrolls of enchant armour {unknown}
 h - 2 scrolls of teleportation {unknown}
 k - a scroll of enchant weapon {unknown}
 l - a scroll of fog {unknown}
 o - 2 scrolls of amnesia {unknown}
 q - a scroll of vulnerability {unknown}
 t - 2 scrolls of identify {unknown}
Potions
 e - a potion of cancellation {unknown}
 f - a potion of magic {unknown}
 g - a potion of flight {unknown}
 i - 3 potions of curing
 j - a potion of brilliance {unknown}
 p - a potion of haste {unknown}
 s - 2 potions of ambrosia {unknown}
 u - a potion of might {unknown}


   Skills:
 + Level 3.5 Fighting
 + Level 7.3 Ranged Weapons
 - Level 2.4 Dodging
 - Level 1.2 Stealth


You had 4 spell levels left.
You didn't know any spells.
Your spell library was empty.

Dungeon Overview and Level Annotations

Branches:
Dungeon (4/15)
 Temple: D:4-7

Altars:
Ashenzari
Fedhas
Hepliaklqana
Kikubaaqudgha
Okawaru
Xom
The Shining One


Message History

The orc wizard is lightly wounded.
You hear a shout!
The orc wizard casts a spell.
The orc wizard flickers and vanishes!
Deactivating autopickup; reactivate with Ctrl-A.
Unknown command.
Fire: a) +0 shortbow
Press: ? - help, Q - select action, (/) - cycle Shift-Dir - straight line You shoot an arrow.
You hear a shout!
You shoot an arrow. The arrow hits the orc wizard!
The orc wizard is severely wounded.
You shoot an arrow.
The arrow closely misses the orc wizard.
The orc warrior shouts!
You shoot an arrow.
The arrow hits the orc wizard but does no damage.
The orc wizard is severely wounded.
You shoot an arrow. The arrow hits the orc warrior!
The orc warrior is heavily wounded.
The orc warrior unwields a +0 glaive.
The orc warrior wields a +0 arbalest.
The orc warrior shoots a bolt.
The bolt barely misses you.
You hear a shout!
You shoot an arrow.
The arrow hits the orc warrior but does no damage.
The orc warrior is heavily wounded.
Something hits you.
The orc warrior shoots a bolt.
The bolt hits you!
You shoot an arrow. The arrow hits the orc warrior.
The orc warrior is severely wounded.
You hear some strange, mumbled words.
A puff of flame appears from out of thin air!
The puff of flame hits you.
The orc wizard casts a spell.
The orc wizard flickers and vanishes!
The orc warrior shoots a bolt.
The bolt hits you!
* * * LOW HITPOINT WARNING * * *
Okay, then.
Something barely misses you.
The orc warrior shoots a bolt.
The bolt hits you!
You die...

#{..+_+.... #.#
###############o# ### #.#####.#
...............o# ### #......>#
###############.#######.##....#
.....# #.........##.####
####.##### ##.....##.#..#
#.<...# #........#..# ##.##.#
#...#########
#..#.#######@)...####_###
######'#..........#####8...8#
#........[.######.# ##.....##
#..........# #.# #_..).._#
#..........# #.# ##.....##
#..........# #.# #8...8#
#..........# #.# ##.....##
########..## #.## #_....._#
##.#######..####.....##


You could see an orc warrior and an orc.

Vanquished Creatures
  A kobold brigand (D:4)
  Crazy Yiuf (D:4)
  Robin (D:4)
  3 adders (D:2)
  2 worms (D:2)
  A dart slug (D:2)
  2 ball pythons
  An endoplasm (D:1)
  A giant cockroach (D:1)
  6 goblins
  7 hobgoblins
  5 jackals (D:1)
  2 quokkas
  6 bats
  4 frilled lizards
  9 kobolds
  5 rats
57 creatures vanquished.

Notes
Turn   | Place    | Note
-------+----------+-------------------------------------------
     0 | D:1      | testman the Deep Elf Hunter began the quest for the Orb.
     0 | D:1      | Reached XP level 1. HP: 12/12 MP: 3/3
   156 | D:1      | Found a faded altar of an unknown god.
   178 | D:1      | Reached XP level 2. HP: 11/17 MP: 4/4
  1130 | D:2      | Reached skill level 6 in Ranged Weapons
  1149 | D:2      | Reached XP level 3. HP: 22/22 MP: 5/5
  1442 | D:2      | Reached XP level 4. HP: 22/27 MP: 6/6
  1596 | D:3      | Found a broken altar of Ashenzari.
  1695 | D:3      | Noticed an orc warrior
  1695 | D:3      | You fall into a shaft and drop 1 floor!
  1706 | D:4      | Noticed a kobold brigand
  1715 | D:4      | Killed a kobold brigand
  1716 | D:4      | Reached skill level 7 in Ranged Weapons
  1716 | D:4      | Reached XP level 5. HP: 10/32 MP: 7/7
  1969 | D:3      | Noticed Robin
  1969 | D:3      | Found a blossoming altar of Fedhas.
  1969 | D:3      | Found a glowing golden altar of the Shining One.
  1969 | D:3      | Found a shimmering altar of Xom.
  1969 | D:3      | Found an iron altar of Okawaru.
  2465 | D:4      | Killed Robin
  2681 | D:3      | Found a hazy altar of Hepliaklqana.
  2689 | D:3      | Became a worshipper of Hepliaklqana the Forgotten
  2756 | D:4      | Found a runed translucent door.
  2757 | D:4      | Noticed Crazy Yiuf
  2767 | D:4      | Killed Crazy Yiuf
  3042 | D:3      | Found an ancient bone altar of Kikubaaqudgha.
  3063 | D:3      | Shot with a bolt by an orc warrior

Illustrated notes

Levels and vault maps discovered:
D:1:      wheals_arrival_linesprint, layout_basic,
          shapermc_ecumenical_altar_starsandcircs
D:2:      layout_basic, minmay_hedge_maze
D:3:      layout_basic, lemuel_doored_altar, mainiacjoe_overflow_tiny_flanked,
          nicolae_overflow_hidden_temple, grunt_ministairs_3, uniq_robin
D:4:      layout_gridville, uniq_menkaure, uniq_crazy_yiuf_cottage

Skill      XL: |  1  2  3  4 |
---------------+-------------+-----
Fighting       | 2 3 |  3.5
Ranged Weapons | 6 7 |  7.3
Dodging        | |  2.4
Stealth        | |  1.2

Action                   |  1- 3 |  4- 6 || total
-------------------------+-------+-------++-------
 Fire: Shortbow          |   115 |    58 ||   173
  Use: Potion            |       |     1 ||     1
Armor: Leather armour    |    11 |    15 ||    26
Dodge: Dodged            |    20 |    52 ||    72

Table legend: (Time is in decaauts)
 A = Elapsed time spent in this place.
 B = Non-inter-level travel time spent in this place.
 C = Inter-level travel time spent in this place.
 D = Time resting spent in this place.
 E = Time spent auto-exploring this place.
 F = Levels seen in this place.
 G = Mean time per level.
                   A        B        C        D        E       F      G
               +--------+--------+--------+--------+--------+-----+--------+
         Total |   3112 |   2992 |    120 |    652 |   1963 |   4 |  778.0 |
       Dungeon |   3112 |   2992 |    120 |    652 |   1963 |   4 |  778.0 |
               +--------+--------+--------+--------+--------+-----+--------+

Top non-repeatable levels by time:
     D:4: 1319 daAuts
     D:1: 1122 daAuts
     D:2: 455 daAuts
     D:3: 215 daAuts
